 Dungeon Crawl Stone Soup version 0.25.1-8-g42b30a86e7 (webtiles) character file.

Game seed: 2957753805395894581

258625 krpopo the Hoplite (level 19, -1/172 HPs)
             Began as a Minotaur Fighter on Dec 10, 2020.
             Was the Champion of Okawaru.
             Killed from afar by a Tzitzimitl (48 damage)
             ... with a bolt of negative energy
             ... summoned by a deep elf demonologist
             ... led by an ironheart preserver
             ... on level 2 of the Vaults.
             The game lasted 02:29:21 (44346 turns).

krpopo the Hoplite (Minotaur Fighter)              Turns: 44346, Time: 02:29:22

Health: -1/172     AC: 33    Str: 25    XL:     19   Next: 12%
Magic:  16/16      EV:  4    Int: 16    God:    Okawaru [******]
Gold:   3671       SH: 30    Dex: 15    Spells: 18/18 levels left

rFire    + . .     SeeInvis .   a - +0 demon trident (vamp)
rCold    + . .     Gourm    .   q - +0 tower shield
rNeg     . . .     Faith    .   u - +8 orange crystal plate armour {Archmagi, Int+3 Clar}
rPois    .         Spirit   .   g - +0 hat of the New World {rC+ Regen+ rCorr Int+3}
rElec    +         Reflect  +   R - +0 cloak {rCorr}
rCorr    +         Harm     +   Q - +2 pair of gloves "Faasker" {Harm}
MR       ++...     Clarity  +   c - +0 pair of boots {Fly}
Stlth    ..........             Z - amulet of reflection
HPRegen  0.78/turn              K - ring of protection from magic
MPRegen  0.15/turn              s - ring "Rionwupt" {rElec rF+ Int+4 Dex+2}

@: about to teleport, flying, drained
A: retaliatory headbutt, hooves 1, horns 2, berserk 2, low mp 1
}: 2/15 runes: decaying, gossamer
a: Heroism, Finesse, Renounce Religion, Stop Flying


You were on level 2 of the Vaults.
You worshipped Okawaru.
Okawaru was exalted by your worship.
You were hungry.

You visited 6 branches of the dungeon, and saw 33 of its levels.

You collected 3790 gold pieces.
You spent 119 gold pieces at shops.

Inventory:

Hand Weapons
 a - a +0 vampiric demon trident (weapon)
 b - the +3 hand crossbow of Insufficient Pleasure {elec, rF- Dex+7}
   (Okawaru gifted it to you on level 4 of the Swamp)

   It charges the ammunition it shoots with electricity; occasionally upon a
   hit, such missiles may discharge and cause terrible harm.
   It affects your dexterity (+7).
   It makes you vulnerable to fire.
 D - a +2 demon trident of flaming
 S - the +9 demon whip of Reer {freeze, rElec Stlth+}
   (You found it on level 3 of the Lair of Beasts)

   It has been specially enchanted to freeze those struck by it, causing extra
   injury to most foes and up to half again as much damage against particularly
   susceptible opponents.
   It can also slow down cold-blooded creatures.
   It insulates you from electricity.
   It makes you more stealthy.
 V - a +0 eveningstar of holy wrath
 X - a +5 morningstar of holy wrath
Missiles
 y - 356 bolts
Armour
 c - a +0 pair of boots of flying (worn)
 g - the +0 hat of the New World (worn) {rC+ Regen+ rCorr Int+3}
   (Okawaru gifted it to you on level 6 of the Lair of Beasts)

   It affects your intelligence (+3).
   It protects you from cold.
   It increases your rate of regeneration.
   It provides partial protection from all sources of acid and corrosion.
 m - a +2 hat
 q - a +0 tower shield (worn)
 t - the +1 hat of Filigreed Beauty {rN+ MR+}
   (Okawaru gifted it to you on level 4 of the Spider Nest)

   It protects you from negative energy.
   It affects your resistance to hostile enchantments.
 u - the +8 orange crystal plate armour (worn) {Archmagi, Int+3 Clar}
   (Okawaru gifted it to you on level 2 of the Spider Nest)

   It affects your intelligence (+3).
   It protects you against confusion.
 N - the +3 ring mail "Leshag" {rElec rPois rF++ Str+4}
   (You found it on level 7 of the Dungeon)

   It affects your strength (+4).
   It greatly protects you from fire.
   It insulates you from electricity.
   It protects you from poison.
 Q - the +2 pair of gloves "Faasker" (worn) {Harm}
   (Okawaru gifted it to you on level 11 of the Dungeon)

   It increases damage dealt and taken.
 R - a +0 cloak of preservation (worn)
Jewellery
 h - an uncursed ring of stealth
 s - the ring "Rionwupt" (right hand) {rElec rF+ Int+4 Dex+2}
   (You found it on level 4 of the Spider Nest)

   [ring of protection from fire]

   It affects your intelligence (+4).
   It affects your dexterity (+2).
   It protects you from fire.
   It insulates you from electricity.
 A - a +4 ring of protection
 B - the ring "Hokebizo" {rElec rC- Dex+5 SInv Stlth-}
   (You found it on level 5 of the Dungeon)

   [ring of attention]

   It affects your dexterity (+5).
   It makes you vulnerable to cold.
   It insulates you from electricity.
   It lets you see invisible.
   It makes you less stealthy.
 K - a ring of protection from magic (left hand)
 P - an uncursed ring of see invisible
 U - the ring "Wesu" {+Fly rN+}
   (You found it on level 13 of the Dungeon)

   [ring of flight]

   It protects you from negative energy.
   It lets you fly.
 W - the ring of Cuxetetoapp {rElec rF+ Int+4 Dex-5 Slay+4}
   (You found it on level 5 of the Lair of Beasts)

   [ring of slaying]

   It affects your intelligence (+4).
   It affects your dexterity (-5).
   It affects your accuracy and damage with ranged weapons and melee attacks
   (+4).
   It protects you from fire.
   It insulates you from electricity.
 Z - an amulet of reflection (around neck)
Wands
 E - a wand of flame (22)
Scrolls
 i - 4 scrolls of blinking
 k - 11 scrolls of teleportation
 l - 4 scrolls of magic mapping
 p - 2 scrolls of holy word
 w - a scroll of torment {unknown}
 x - 9 scrolls of fog
 C - 6 scrolls of amnesia
 F - 2 scrolls of enchant armour
 G - a scroll of silence {unknown}
 L - 2 scrolls of immolation
 M - a scroll of enchant weapon
 T - 13 scrolls of remove curse
Potions
 d - 6 potions of might
 e - 4 potions of berserk rage
 j - 6 potions of brilliance
 n - 7 potions of magic
 o - a potion of heal wounds
 r - 2 potions of cancellation
 z - 9 potions of curing
 H - a potion of stabbing
 I - a potion of ambrosia
 J - 2 potions of resistance
 O - 3 potions of lignification
 Y - 5 potions of haste
Comestibles
 f - 44 rations
 v - 16 chunks of flesh


   Skills:
 - Level 16.0(14.6) Fighting
 - Level 10.8(9.6) Maces & Flails
 + Level 18.3(16.8) Polearms
 * Level 13.4(12.1) Crossbows
 - Level 9.9(8.7) Armour
 + Level 24.7(23.0) Shields


You had 18 spell levels left.
You didn't know any spells.
Your spell library contained the following spells:

 Spells                   Type           Power        Failure   Level  Hunger
 Corona                   Hex            #......      100%        1    ##.....
 Foxfire                  Conj/Fire      #...         100%        1    ##.....
 Infusion                 Chrm           #...         100%        1    ##.....
 Sting                    Tmut/Pois      #...         100%        1    ##.....
 Poisonous Vapours        Pois/Air       #.....       100%        2    ###....
 Shroud of Golubria       Chrm/Tloc      #.....       100%        2    ###....
 Slow                     Hex            #.......     100%        2    ###....
 Song of Slaying          Chrm           #.......     100%        2    ###....
 Conjure Flame            Conj/Fire      #.......     100%        3    ####...
 Gell's Gravitas          Tloc           #.........   100%        3    ####...
 Ignite Poison            Fire/Tmut/Pois #.......     100%        3    ####...
 Inner Flame              Hex/Fire       #.......     100%        3    ####...
 Mephitic Cloud           Conj/Pois/Air  #.......     100%        3    ####...
 Ozocubu's Armour         Chrm/Ice       #.......     100%        3    ####...
 Portal Projectile        Hex/Tloc       #.....       100%        3    ####...
 Spectral Weapon          Hex/Chrm       #.......     100%        3    ####...
 Cause Fear               Hex            #.........   100%        4    #####..
 Leda's Liquefaction      Hex/Erth       #.........   100%        4    #####..
 Olgreb's Toxic Radiance  Pois           #.......     100%        4    #####..
 Sticky Flame             Conj/Fire      #.......     100%        4    #####..
 Bolt of Magma            Conj/Fire/Erth #.........   100%        5    ######.
 Fireball                 Conj/Fire      #.........   100%        5    ######.
 Silence                  Hex/Air        #.........   100%        5    ######.
 Yara's Violent Unravell  Hex/Tmut       #.........   100%        5    ######.
 Dispersal                Tloc           #.........   100%        6    #######
 Eringya's Noxious Bog    Tmut/Pois      #.........   100%        6    #######
 Iron Shot                Conj/Erth      #.........   100%        6    #######
 Statue Form              Tmut/Erth      #........    100%        6    #######
 Controlled Blink         Tloc           N/A          100%        8    #######
 Discord                  Hex            #.........   100%        8    #######
 Disjunction              Tloc           #.........   100%        8    #######
 Shatter                  Erth           #.........   100%        9    #######


Dungeon Overview and Level Annotations

Branches:
Dungeon (15/15)            Temple (0/1) D:6            Lair (6/6) D:8
  Swamp (4/4) Lair:4       Spider (4/4) Lair:2        Slime (0/5) Lair:5
    Orc (2/2) D:9             Elf (0/3) Orc:2        Vaults (2/5) D:13
 Depths (0/5) D:15
  Crypt: Vaults:2-3

Altars:
Cheibriados
Dithmenos
Fedhas
Gozag
Hepliaklqana
Kikubaaqudgha
Makhleb
Nemelex Xobeh
Okawaru
Qazlal
Ru
Trog
Uskayaw
Vehumet
Zin
The Shining One
Beogh
Jiyva

Shops:
D:10 =   D:13 (   D:14 }   Orc:2 %(}%


Innate Abilities, Weirdness & Mutations

You reflexively headbutt those who attack you in melee.
You have a pair of horns on your head.
You have large cloven feet.
You often lose your temper in combat.
Your magical capacity is low. (-10% MP)


Message History

Something tries to feed on your intellect!
You impale the chaos spawn!!
You kill the chaos spawn!
The chaos spawn degenerates into a cloud of primal chaos!
You hear a shout!
The deep elf demonologist casts a spell.
The Tzitzimitl gestures at you. The bolt of cold hits you!! You resist.
* * * LOW HITPOINT WARNING * * *
Okay, then.
As you read the scroll of teleportation, it crumbles to dust.
You feel strangely unstable.
The neqoxec disappears in a puff of smoke!
The ufetubus is engulfed in seething chaos.
You block the ufetubus's attack. x2
The Tzitzimitl gestures at you.
The bolt of negative energy hits the ufetubus.
The ufetubus completely resists.
The bolt of negative energy hits you!!!
You feel drained.
You die...

#.....### .##.......)..(....
###.....###..##.....5...((o(.(
##.##......##...).)...[..)((
#####'######......"[)))(...
#......#...3........((.
#......#...§.#######+##
#......#.5...#
########....(.#oe...#
#......#....[@51.4..#
#......#.....[#3....#
#......#......#.....#
#......#......#.....#
#......'.)....#.....#
#......########.....# #......#
#.....# #†.....# #.....#
#......#


You could see a Tzitzimitl (summoned), a sun demon (summoned), a deep elf
demonologist, a rust devil (summoned), a ynoxinul (summoned), an orc and 2
ufetubi.

Vanquished Creatures
  Nikola (Spider:2)
  Arachne (Spider:2)
  2 tentacled monstrosities
  Asterion (Spider:1)
  Agnes (D:15)
  Donald (Spider:4)
  A thorn hunter (Swamp:2)
  2 vault wardens (Vaults:1)
  A deep elf sorcerer (Vaults:1)
  2 ghost moths (Spider:4)
  Aizul (Swamp:4)
  7 emperor scorpions
  8 ironheart preservers
  An entropy weaver (Spider:2)
  2 deep elf demonologists
  2 deep elf annihilators
  4 spark wasps
  A death ooze (Lair:3)
  A fire dragon (Vaults:1)
  A deep elf death mage (Vaults:1)
  Harold (D:11)
  8 vault guards
  A rakshasa (D:15)
  A great orb of eyes (Vaults:1)
  Erica (D:8)
  A ghost crab (Swamp:3)
  A catoblepas (D:15)
  23 hydras
  A shambling mangrove (Swamp:1)
  The ghost of tsbored the Covert, a journeyman SpEn of Nemelex Xobeh (Lair:3)
  35 two-headed ogres
  6 centaur warriors
  A deep troll shaman (Vaults:2)
  4 death yaks (Lair:6)
  13 ogre magi
  9 alligators
  3 spriggan berserkers (Swamp:4)
  3 deep elf knights (Vaults:1)
  A death drake (shapeshifter) (D:15)
  A fire crab (shapeshifter) (Vaults:1)
  3 unseen horrors
  A large abomination (Vaults:1)
  A glowing orange brain (D:15)
  A sea snake (shapeshifter) (D:15)
  2 spriggan druids (Swamp:3)
  2 deep elf archers
  4 deep trolls (Vaults:2)
  8 wizards
  A harpy (shapeshifter) (D:13)
  3 ironbrand convokers (Vaults:1)
  16 swamp dragons
  2 necromancers
  20 ugly things
  2 deep elf magi
  2 orc knights (Vaults:1)
  7 cyclopes
  An orc sorcerer (Orc:1)
  12 orb spiders
  30 wolf spiders
  A salamander (shapeshifter) (D:13)
  2 moths of wrath (Spider:4)
  A manticore (shapeshifter) (Vaults:1)
  2 vault sentinels (Vaults:1)
  3 black mambas
  3 torpor snails (Spider:3)
  Joseph (D:9)
  15 spiny frogs
  A spiny frog (shapeshifter) (D:15)
  3 centaur skeletons
  6 komodo dragons
  An elf (Vaults:1)
  5 yaktaurs
  2 efreet
  5 demonic crawlers
  A redback zombie (D:14)
  3 freezing wraiths
  A harpy zombie (D:15)
  8 trolls
  35 jumping spiders
  7 polar bears
  A queen bee (shapeshifter) (D:15)
  10 bog bodies
  6 meliai (D:15)
  16 hornets
  8 tyrant leeches
  10 blink frogs
  8 dream sheep
  22 slime creatures
  8 hippogriffs
  80 redbacks
  A shadow (Swamp:4)
  4 wyverns
  16 spriggans
  28 tarantellas
  A spriggan (shapeshifter) (Vaults:2)
  32 yaks
  5 basilisks
  20 humans (D:13)
  3 hungry ghosts
  6 vampire mosquitoes
  A warg (Orc:1)
  11 water moccasins
  An ogre zombie (Vaults:1)
  14 swamp worms
  10 insubstantial wisps
  2 acid dragons
  9 porcupines
  A deep troll skeleton (Vaults:1)
  14 swamp drakes
  4 sky beasts
  25 orc warriors
  3 eyes of draining
  An ice beast (D:15)
  4 black bears
  An ettin simulacrum (Vaults:2)
  An eye of draining (shapeshifter) (D:15)
  A necrophage (D:7)
  2 phantoms (D:7)
  60 ogres
  10 boggarts
  25 wolves
  9 centaurs
  12 crocodiles
  A human skeleton (Vaults:1)
  A big kobold (D:8)
  A wyvern zombie (D:14)
  19 bullfrogs
  5 scorpions
  10 killer bees
  11 wights
  3 electric eels
  3 howler monkeys
  2 crimson imps
  4 hounds
  2 centaur zombies
  A human simulacrum (Vaults:1)
  10 jellies
  Crazy Yiuf (D:5)
  2 bullfrog zombies
  A gnoll shaman (D:1)
  21 orc priests
  24 orc wizards
  3 bullfrog skeletons (D:11)
  5 iguanas
  Ijyb (D:5)
  5 hell rats (Lair:5)
  7 worker ants
  A killer bee zombie (D:8)
  3 hound skeletons
  A howler monkey zombie (D:10)
  2 worker ant zombies
  17 gnolls
  19 adders
  A howler monkey skeleton (D:5)
  7 shadow imps
  2 oozes
  3 worms (D:3)
  4 dart slugs
  6 leopard geckos
  109 orcs
  4 giant cockroaches
  9 goblins
  14 hobgoblins
  5 jackals
  4 quokkas
  A ball python (D:6)
  9 bats
  9 frilled lizards
  2 goblin skeletons (D:8)
  2 hobgoblin zombies (D:8)
  15 kobolds
  2 kobold skeletons (D:8)
  A leopard gecko skeleton (D:5)
  2 orc skeletons
  An orc zombie (D:8)
  2 quokka zombies
  10 rats
  A bush (Lair:3)
  A crawling corpse (Vaults:1)
  A fungus (Lair:3)
  A plant (Lair:6)
1300 creatures vanquished.

Vanquished Creatures (others)
  A manticore (D:14)
  A boggart (Vaults:1)
  9 fungi
  6 plants
  5 toadstools (D:5)
22 creatures vanquished.

Grand Total: 1322 creatures vanquished

Notes
Turn   | Place    | Note
-------+----------+-------------------------------------------
     0 | D:1      | krpopo the Minotaur Fighter began the quest for the Orb.
     0 | D:1      | Reached XP level 1. HP: 19/19 MP: 0/0
    37 | D:1      | Reached XP level 2. HP: 13/26 MP: 1/1
   338 | D:1      | Reached XP level 3. HP: 31/31 MP: 2/2
   755 | D:2      | Found an opulent altar of Gozag.
   761 | D:2      | Reached skill level 5 in Polearms
   772 | D:1      | Reached XP level 4. HP: 10/39 MP: 3/3
  1256 | D:1      | Reached XP level 5. HP: 14/45 MP: 4/4
  1817 | D:2      | Found a stormy altar of Qazlal.
  1983 | D:2      | Found an iron altar of Okawaru.
  1989 | D:2      | Became a worshipper of Warmaster Okawaru
  1991 | D:2      | Found a blossoming altar of Fedhas.
  1992 | D:2      | Found a snail-covered altar of Cheibriados.
  1992 | D:2      | Found a sparkling altar of Nemelex Xobeh.
  1995 | D:2      | Found a glowing silver altar of Zin.
  1997 | D:2      | Found an ancient bone altar of Kikubaaqudgha.
  2551 | D:3      | Reached XP level 6. HP: 11/51 MP: 5/5
  3568 | D:4      | Found a hazy altar of Hepliaklqana.
  3624 | D:4      | Reached * piety under Okawaru
  4183 | D:5      | Entered Level 5 of the Dungeon
  4187 | D:5      | Reached XP level 7. HP: 55/57 MP: 6/6
  4279 | D:5      | Noticed Ijyb
  4297 | D:5      | Killed Ijyb
  4502 | D:5      | Identified the Tome of Enthralling Transmutation
  4660 | D:5      | Got a shimmering wooden ring
  4661 | D:5      | Identified the ring "Hokebizo" {rElec rC- Dex+5 SInv
                  | Stlth-} (You found it on level 5 of the Dungeon)
  4702 | D:5      | Reached skill level 10 in Polearms
  4941 | D:5      | Found a runed translucent door.
  4942 | D:5      | Noticed Crazy Yiuf
  5206 | D:5      | Killed Crazy Yiuf
  5312 | D:6      | Reached ** piety under Okawaru
  5312 | D:6      | Reached XP level 8. HP: 36/64 MP: 7/7
  5567 | D:6      | Found a sand-covered staircase.
  5594 | D:6      | Noticed a +0 dagger
  5595 | D:6      | Noticed a +0 hand axe
  5596 | D:6      | Found a hide-covered altar of Uskayaw.
  5749 | D:6      | Found a staircase to the Ecumenical Temple.
  5863 | D:6      | Got a dazzling whip
  6419 | D:7      | Reached skill level 4 in Shields
  6495 | D:7      | Reached *** piety under Okawaru
  6515 | D:7      | Reached XP level 9. HP: 68/70 MP: 0/8
  6714 | D:7      | Got a spiked ring mail
  6733 | D:7      | Identified the +3 ring mail "Leshag" {rElec rPois rF++
                  | Str+4} (You found it on level 7 of the Dungeon)
  6767 | D:7      | Noticed a two-headed ogre
  6780 | D:7      | Killed a two-headed ogre
  6780 | D:7      | Reached **** piety under Okawaru
  6780 | D:7      | Reached skill level 6 in Shields
  7261 | D:7      | Reached skill level 7 in Shields
  7477 | D:7      | Found a burning altar of Makhleb.
  8130 | D:8      | Reached skill level 8 in Shields
  8302 | D:8      | Found a glowing golden altar of the Shining One.
  8803 | D:7      | Reached XP level 10. HP: 12/80 MP: 9/9
  8806 | D:7      | HP: 2/80 [porcupine (9)]
  8808 | D:7      | Reached skill level 5 in Fighting
  9217 | D:8      | Reached skill level 9 in Shields
  9353 | D:8      | Reached ***** piety under Okawaru
  9538 | D:8      | Found a staircase to the Lair.
  9877 | D:8      | Noticed Erica
  9890 | D:8      | Killed Erica
 10119 | D:9      | Identified the +3 whip "Joet" {speed, MR+} (You found it on
                  | level 6 of the Dungeon)
 10154 | D:8      | Gained mutation: You tend to lose your temper in combat.
                  | [mutagenic glow]
 10155 | Lair:1   | Entered Level 1 of the Lair of Beasts
 10195 | D:9      | Found a shadowy altar of Dithmenos.
 10202 | D:9      | Gained mutation: Your body sometimes deteriorates upon
                  | taking damage. [mutagenic glow]
 10257 | D:9      | Reached skill level 15 in Polearms
 10335 | D:9      | Found a sacrificial altar of Ru.
 10355 | D:9      | Got an ancient ring mail
 10371 | D:9      | Identified the +2 ring mail of the Unbroken {rCorr Dex+2}
                  | (You found it on level 9 of the Dungeon)
 10439 | D:9      | Received a gift from Okawaru
 10439 | D:9      | Reached skill level 10 in Shields
 10489 | D:9      | Noticed a two-headed ogre
 10501 | D:9      | Killed a two-headed ogre
 10673 | D:9      | Found a staircase to the Orcish Mines.
 10870 | D:9      | Noticed Joseph
 10884 | D:9      | Killed Joseph
 10884 | D:9      | Reached XP level 11. HP: 95/95 MP: 10/10
 11099 | D:10     | Entered Level 10 of the Dungeon
 11291 | D:10     | Found Fuorupn's Jewellery Boutique.
 11939 | D:11     | Noticed a green ugly thing
 11942 | D:11     | Noticed a green ugly thing
 11949 | D:11     | Killed a green ugly thing
 11957 | D:11     | Killed a green ugly thing
 12034 | D:11     | Noticed a two-headed ogre
 12045 | D:11     | Killed a two-headed ogre
 12045 | D:11     | Reached skill level 11 in Shields
 12160 | D:11     | Received a gift from Okawaru
 12164 | D:11     | Reached ****** piety under Okawaru
 12176 | D:11     | Got a pair of crude gloves {god gift}
 12187 | D:11     | Identified the +2 pair of gloves "Faasker" {Harm} (Okawaru
                  | gifted it to you on level 11 of the Dungeon)
 12287 | D:11     | Reached skill level 10 in Fighting
 12329 | D:11     | Noticed an unseen horror
 12335 | D:11     | Killed an unseen horror
 12429 | D:11     | Noticed Harold
 12446 | D:11     | Killed Harold
 13502 | D:13     | Found Ilokk's Antique Weapon Shoppe.
 13555 | D:13     | Noticed a centaur warrior
 13566 | D:13     | Killed a centaur warrior
 13677 | D:13     | Got a faintly glowing bone ring
 13681 | D:13     | Identified the ring "Wesu" {+Fly rN+} (You found it on
                  | level 13 of the Dungeon)
 13709 | D:13     | Reached XP level 12. HP: 83/112 MP: 11/11
 13783 | D:13     | Reached skill level 12 in Shields
 14012 | D:13     | Received a gift from Okawaru
 14175 | D:13     | Noticed a centaur warrior
 14175 | D:13     | Noticed a centaur warrior
 14193 | D:13     | Killed a centaur warrior
 14198 | D:13     | Killed a centaur warrior
 14539 | D:13     | Reached skill level 13 in Shields
 14581 | D:13     | Found a gate to the Vaults.
 14581 | D:13     | Noticed a vault guard
 14581 | D:13     | Noticed a vault guard
 14607 | D:13     | Killed a vault guard
 14622 | D:13     | Killed a vault guard
 14622 | D:13     | Received a gift from Okawaru
 15207 | Lair:1   | Reached XP level 13. HP: 125/125 MP: 12/12
 15209 | Lair:1   | Reached skill level 14 in Shields
 15681 | Lair:1   | Reached skill level 15 in Fighting
 15695 | Lair:1   | Received a gift from Okawaru
 15698 | Lair:1   | Got a pair of faintly humming boots {god gift}
 15738 | Lair:1   | Identified the -3 pair of boots of Oloabeas {*Contam rPois
                  | Int+6 SInv} (Okawaru gifted it to you on level 1 of the
                  | Lair of Beasts)
 15810 | Lair:1   | Gained mutation: Your magical capacity is low. (-10% MP)
                  | [mutagenic glow]
 16420 | Lair:2   | Found a hole to the Spider Nest.
 16448 | Lair:2   | Reached skill level 15 in Shields
 17038 | Lair:3   | Found a glowing silver altar of Zin.
 17396 | Lair:3   | Got a scorched demon whip
 17445 | Lair:3   | Found a gate leading to a gauntlet.
 17592 | Lair:3   | Got a smoking robe
 18161 | Lair:4   | Found a runed translucent gate.
 18161 | Lair:4   | Found a runed translucent gate.
 18162 | Lair:4   | Found a runed translucent gate.
 18163 | Lair:4   | Noticed a death ooze
 18165 | Lair:4   | Noticed tsbored's ghost (journeyman SpEn)
 18168 | Lair:4   | Found a viscous altar of Jiyva.
 18353 | Lair:4   | Found a staircase to the Swamp.
 19093 | Lair:5   | Found a staircase to the Slime Pits.
 19432 | Lair:5   | Got a fine brass ring
 19503 | D:8      | Identified the +9 demon whip of Reer {freeze, rElec Stlth+}
                  | (You found it on level 3 of the Lair of Beasts)
 19513 | D:8      | Identified the ring of Cuxetetoapp {rElec rF+ Int+4 Dex-5
                  | Slay+4} (You found it on level 5 of the Lair of Beasts)
 19770 | Lair:5   | Reached skill level 5 in Armour
 19777 | Lair:5   | Reached skill level 16 in Shields
 20096 | Lair:5   | Found a hide-covered altar of Uskayaw.
 20466 | Lair:6   | Entered Level 6 of the Lair of Beasts
 20484 | Lair:6   | Received a gift from Okawaru
 20487 | Lair:6   | Got a scorched hat {god gift}
 20503 | Lair:6   | Identified the +0 hat of the New World {rC+ Regen+ rCorr
                  | Int+3} (Okawaru gifted it to you on level 6 of the Lair of
                  | Beasts)
 20725 | Lair:6   | Reached XP level 14. HP: 137/137 MP: 11/11
 20893 | Lair:5   | Reached skill level 1 in Maces & Flails
 21539 | Lair:6   | Lost mutation: Your magical capacity is low. (-10% MP)
                  | [potion of mutation]
 21539 | Lair:6   | Lost mutation: Your body sometimes deteriorates upon taking
                  | damage. [potion of mutation]
 21539 | Lair:6   | Gained mutation: You have supernaturally acute eyesight.
                  | (SInv) [potion of mutation]
 21539 | Lair:6   | Lost mutation: You have supernaturally acute eyesight.
                  | (SInv) [potion of mutation]
 21539 | Lair:6   | Gained mutation: You often lose your temper in combat.
                  | [potion of mutation]
 21539 | Lair:6   | Gained mutation: You have large cloven feet. [potion of
                  | mutation]
 21621 | Lair:6   | Reached skill level 5 in Maces & Flails
 22121 | Lair:3   | Killed tsbored's ghost
 22559 | Orc:1    | Entered Level 1 of the Orcish Mines
 23342 | Orc:2    | Entered Level 2 of the Orcish Mines
 23401 | Orc:2    | Found a roughly hewn altar of Beogh.
 23410 | Orc:2    | Found a staircase to the Elven Halls.
 23489 | Orc:2    | Found a roughly hewn altar of Beogh.
 23918 | Orc:2    | Reached skill level 17 in Shields
 23925 | Orc:2    | Received a gift from Okawaru
 23988 | Orc:2    | Found Waaneri's Gadget Shoppe.
 23988 | Orc:2    | Found Jubovinkeh's Food Shop.
 23988 | Orc:2    | Found Wubiduin's Food Boutique.
 23988 | Orc:2    | Found Zogug's Antique Weapon Shoppe.
 24616 | Orc:2    | Bought a hand crossbow for 119 gold pieces
 24724 | Orc:1    | Found a radiant altar of Vehumet.
 24752 | Orc:1    | Reached XP level 15. HP: 144/144 MP: 14/14
 25246 | D:14     | Reached skill level 18 in Shields
 25812 | D:13     | Reached skill level 1 in Crossbows
 25994 | D:14     | Found Gano's Gadget Emporium.
 26599 | D:14     | Received a gift from Okawaru
 26757 | D:14     | You fall into a shaft and drop 1 floor!
 26757 | D:15     | Entered Level 15 of the Dungeon
 27300 | D:15     | Found a bloodstained altar of Trog.
 27684 | D:15     | Reached skill level 19 in Shields
 27750 | D:15     | Noticed Agnes
 27757 | D:15     | Killed Agnes
 27805 | D:15     | Received a gift from Okawaru
 28315 | D:15     | Received a gift from Okawaru
 28318 | D:15     | Found a staircase to the Depths.
 28845 | Swamp:1  | Entered Level 1 of the Swamp
 29555 | Swamp:1  | Identified a scroll of acquirement
 30171 | Swamp:1  | Received a gift from Okawaru
 30624 | Swamp:2  | Noticed a thorn hunter
 30631 | Swamp:2  | Killed a thorn hunter
 30631 | Swamp:2  | Reached skill level 5 in Crossbows
 30937 | Swamp:2  | Received a gift from Okawaru
 31255 | Swamp:2  | Noticed a tentacled monstrosity
 31266 | Swamp:2  | Killed a tentacled monstrosity
 31266 | Swamp:2  | Reached skill level 20 in Shields
 31617 | Swamp:2  | Reached XP level 16. HP: 130/151 MP: 15/15
 32559 | Swamp:4  | Entered Level 4 of the Swamp
 32643 | Swamp:4  | Received a gift from Okawaru
 32658 | Swamp:4  | Got a translucent hand crossbow {god gift}
 32667 | Swamp:4  | Noticed a tentacled monstrosity
 32681 | Swamp:4  | Killed a tentacled monstrosity
 32681 | Swamp:4  | Reached skill level 10 in Maces & Flails
 32748 | Swamp:3  | Identified the +3 hand crossbow of Insufficient Pleasure
                  | {elec, rF- Dex+7} (Okawaru gifted it to you on level 4 of
                  | the Swamp)
 33320 | Swamp:4  | Noticed Aizul
 33338 | Swamp:4  | Killed Aizul
 33763 | Swamp:4  | Received a gift from Okawaru
 33870 | Swamp:4  | Reached skill level 21 in Shields
 34136 | Swamp:4  | Received a gift from Okawaru
 34715 | Swamp:4  | Got a decaying rune of Zot
 34970 | Spider:1 | Entered Level 1 of the Spider Nest
 34970 | Spider:1 | Noticed Asterion
 34992 | Spider:1 | Killed Asterion
 35222 | Spider:1 | Reached skill level 10 in Crossbows
 35418 | Spider:1 | Received a gift from Okawaru
 35509 | Spider:1 | Received a gift from Okawaru
 35742 | D:8      | Acquired a +0 pair of boots of flying
 36123 | Spider:2 | Reached XP level 17. HP: 158/158 MP: 16/16
 36370 | Spider:2 | Noticed Nikola
 36371 | Spider:2 | Noticed Arachne
 36388 | Spider:2 | Killed Arachne
 36395 | Spider:2 | Killed Nikola
 36433 | Spider:2 | Received a gift from Okawaru
 36434 | Spider:2 | Found the +8 orange crystal plate armour {Archmagi, Int+3
                  | Clar}
 37511 | Spider:3 | Reached skill level 22 in Shields
 38614 | Spider:4 | Entered Level 4 of the Spider Nest
 38614 | Spider:4 | Noticed Donald
 38620 | Spider:4 | Killed Donald
 38973 | Spider:4 | Received a gift from Okawaru
 39080 | Spider:4 | Got a translucent hat {god gift}
 39369 | Spider:4 | Found a frozen archway.
 39646 | Spider:4 | Got a fine wooden ring
 40109 | Spider:4 | Reached skill level 23 in Shields
 40167 | Spider:4 | Reached XP level 18. HP: 113/166 MP: 0/17
 40299 | Spider:4 | Got a gossamer rune of Zot
 40512 | D:8      | Identified the +1 hat of Filigreed Beauty {rN+ MR+}
                  | (Okawaru gifted it to you on level 4 of the Spider Nest)
 40523 | D:8      | Identified the ring "Rionwupt" {rElec rF+ Int+4 Dex+2} (You
                  | found it on level 4 of the Spider Nest)
 40645 | Vaults:1 | Entered Level 1 of the Vaults
 40977 | Vaults:1 | Received a gift from Okawaru
 41001 | Vaults:1 | Received a gift from Okawaru
 42197 | Vaults:1 | Reached skill level 24 in Shields
 42210 | Vaults:1 | HP: 8/166 [ogre mage/crystal spear[an ironheart preserver]
                  | (52)]
 42323 | Vaults:1 | Received a gift from Okawaru
 42851 | Vaults:1 | Received a gift from Okawaru
 44081 | Vaults:2 | Reached XP level 19. HP: 171/172 MP: 18/18
 44087 | Vaults:2 | Received a gift from Okawaru
 44331 | Vaults:2 | Noticed a Tzitzimitl
 44336 | Vaults:2 | Gained mutation: Your magical capacity is low. (-10% MP) [a
                  | neqoxec]
 44346 | Vaults:2 | Killed from afar by a Tzitzimitl

Illustrated notes

Levels and vault maps discovered:
D:1:      minmay_arrival_five_plusses, layout_rooms, serial_bayou_lagoon_a
D:2:      layout_basic, lemuel_crystal_altar, minitemple,
          grunt_gozag_breadcrumbs
D:3:      minmay_octagon_keep, layout_rooms, minmay_misc_feat_five
D:4:      layout_loops_corners, old_standard_altar
D:5:      layout_basic, first_ration, minmay_gold_behind_fungi,
          kennysheep_small_circle, uniq_ijyb, uniq_crazy_yiuf_cottage
D:6:      layout_rooms, dancing_weapons_uskayaw, minmay_temple_entry_metal_lava,
          nicolae_ossuary_entry_monument
D:7:      minmay_the_grid_four_pointed_star
          [minmay_the_grid_triangle_9x9_stretched_checkered,
          minmay_the_grid_triangle_9x9_semitri,
          minmay_the_grid_triangle_9x9_descending_squares,
          minmay_the_grid_triangle_9x9_swiss_cheese,
          minmay_the_grid_prize_big_room], layout_cave_pools,
          makhleb_blood_cavern_becter
D:8:      layout_rooms, nicolae_tso_besieged_by_evil, minmay_lair_entry_grove,
          uniq_erica
D:9:      layout_roguey, nicolae_overflow_crystal_walls, lemuel_round_altar,
          erik_orc_3, the_bakery, uniq_joseph
D:10:     layout_loops_ring, serial_shops, shop, minmay_misc_feat_pillars
D:11:     layout_basic, uniq_harold
D:12:     layout_basic
D:13:     layout_basic, grunt_vaults_entry_tiered, serial_shops, shop
D:14:     layout_basic, serial_shops, shop
D:15:     gammafunk_enter_depths_forms, layout_basic, nicolae_benzene_ring,
          solitary_fountain, st_stairs_14, trog_ov_bears_minmay, uniq_agnes
Lair:1:   layout_regular_city, beast_lair_carwin_4
Lair:2:   layout_big_grid, nicolae_spider_entry_tight_spaces
Lair:3:   layout_roguey, basic_altar, gauntlet_entry_generic
Lair:4:   layout_cave_pods, skrybe_swamp_entry_bodies, gammafunk_ghost_ooze,
          serial_bayou_shore_b, serial_bayou_shore_b
Lair:5:   layout_small_grid, slime_dummy, basic_altar,
          chequers_serial_rivers_micro_b, beast_lair_carwin_3
Lair:6:   minmay_lair_end_enchanted_forest, layout_small_grid,
          serial_bayou_lake_a
Swamp:1:  layout_basic_swamp, nicolae_swamp_trees_clearing, swamp_pool1
Swamp:2:  layout_basic_swamp, evilmike_swamp_ruin_house_2
Swamp:3:  layout_basic_swamp, evilmike_swamp_ruin_rubble_2
Swamp:4:  swamp_basic_johnstein, layout_basic_swamp, swamp_pool1, uniq_aizul
Spider:1: layout_spider_delve, guppyfry_spider_mini_2, uniq_asterion
Spider:2: layout_spider_delve, drop_trap, uniq_nikola, uniq_arachne
Spider:3: layout_spider_delve
Spider:4: spider_rune_water, portal_ice_cave_entry_pillars_1, uniq_donald
Orc:1:    layout_diamond_mine, basic_altar
Orc:2:    st_orc_ogre_mass, layout_diamond_mine, basic_altar, mines2_david
Vaults:1: hangedman_vaults_snaps, vaults_room_ringed_pool,
          nicolae_vaults_holding_cells, ontoclasm_vaults_loading_screen,
          hangedman_vaults_pinch, nicolae_vaults_mini_display_case,
          nicolae_vaults_inception_corners, vaults_dpeg_doors,
          nicolae_vaults_shelves_hall, vaults_room_door_ring, v_pattern_4,
          grunt_vaults_hallway_long, ontoclasm_vaults_shuriken,
          ontoclasm_vaults_loading_screen, vaults_room_door_ring, v_misc_27,
          layout_vaults_big_cross
Vaults:2: vaults_room_pool, hangedman_vaults_stitches, grunt_vaults_twisty,
          vaults_dpeg_encased_lava, dpeg_vaults_monster_row,
          nicolae_vaults_three_branches, v_misc_28, ontoclasm_vaults_idyll,
          serial_ice_m, ontoclasm_vaults_twist, v_rooms_1,
          nicolae_vaults_little_squares_3, ontoclasm_vaults_decontamination,
          ontoclasm_vaults_loading_screen, layout_vaults_ring,
          dummy_crypt_entry, enter_trove_1

Skill      XL: |  1  2  3  4  5  6  7  8  9 10 11 12 13 14 15 16 17 18 |
---------------+-------------------------------------------------------+-----
Polearms       | 3 4 5 6 7 9 11 13 14 15 16 18 | 18.3
Shields        | 4 8 10 11 13 16 17 20 21 23 24 | 24.7
Fighting       | 4 8 12 14 16 | 16.0
Armour         | 5 9 |  9.9
Maces & Flails | 7 9 10 | 10.8
Crossbows      | 6 10 12 13 | 13.4

Action                   |  1- 3 |  4- 6 |  7- 9 | 10-12 | 13-15 | 16-18 | 19-21 || total
-------------------------+-------+-------+-------+-------+-------+-------+-------++-------
Melee: Trident           |    97 |   294 |   427 |   145 |       |       |       ||   963
       Headbutt          |     9 |    35 |    73 |   140 |   246 |   396 |    14 ||   913
       Demon trident     |       |       |       |   563 |  1357 |  1672 |    50 ||  3642
 Fire: Hand crossbow     |       |       |       |       |    40 |   270 |    35 ||   345
  Use: Scroll            |       |       |       |    17 |    13 |     8 |     1 ||    39
       Potion            |       |       |       |     1 |     1 |     6 |       ||     8
 Stab: Distracted        |       |       |       |       |       |     1 |       ||     1
  Eat: Chunk             |       |    11 |    11 |    18 |    40 |    32 |       ||   112
       Ration            |       |       |     1 |     1 |     4 |     3 |       ||     9
Armor: Scale mail        |    50 |    82 |    16 |       |       |       |       ||   148
       Plate armour      |       |       |    50 |       |       |       |       ||    50
       Ring mail         |       |       |    40 |   109 |   297 |   198 |       ||   644
       Crystal plate arm |       |       |       |       |       |   200 |    33 ||   233
Dodge: Dodged            |    27 |    55 |    63 |    96 |   184 |   198 |     7 ||   630
Block: Kite shield       |    49 |   112 |   129 |   235 |   336 |       |       ||   861
       Tower shield      |       |       |       |       |   630 |  1567 |    92 ||  2289
       Reflection        |       |       |       |       |    54 |    43 |    13 ||   110
